 Dungeon Crawl Stone Soup version 0.29-a0-283-ga02f740833 (webtiles) character file.

Game seed: 4631119571006311327

27 Inarius the Ducker (level 2, -1/14 HPs)
             Began as a Felid Chaos Knight on Mar 13, 2022.
             Was a Plaything of Xom.
             Slain by a kobold
             ... wielding a +0 club
              (5 damage)
             ... on level 2 of the Dungeon.
             The game lasted 00:02:10 (1527 turns).

Inarius the Ducker (Felid Chaos Knight)             Turns: 1527, Time: 00:02:11

Health: -1/14      AC:  1    Str:  8    XL:     2   Next: 93%
Magic:  3/3        EV: 18    Int: 13    God:    Xom [..*...]
Gold:   35         SH:  0    Dex: 15    Spells: 1/1 levels left
                                        Lives:  0   Deaths: 0

rFire   . . .      SeeInvis +     - Unarmed
rCold   . . .      Faith    .   (shield unavailable)
rNeg    . . .      Spirit   .   (body armour unavailable)
rPois   .          Reflect  .   (helmet unavailable)
rElec   .          Harm     .   (cloak unavailable)
rCorr   .          Rampage  .   (gloves unavailable)
Will    .....                   (boots unavailable)
Stlth   ++........              (no amulet)
HPRegen 0.04/turn               (no ring)
MPRegen 0.08/turn               (no ring)

@: quick
A: very small, claws 1, fangs 3, see invisible, speed 1, shaggy fur 1, stealthy
paws, no weapons or thrown items, no armour, multi-lived
a: Renounce Religion


You were on level 2 of the Dungeon.
You worshipped Xom.
You were a toy of Xom.
You visited 1 branch of the dungeon, and saw 2 of its levels.

You collected 35 gold pieces.

Inventory:

Scrolls
 c - 2 scrolls of vulnerability {unknown}
 g - a scroll of teleportation {unknown}
Potions
 e - 2 potions of curing
 f - a potion of might
Miscellaneous
 a - a piece from Xom's chessboard (14/15) (quivered)


   Skills:
 + Level 3.3 Fighting
 + Level 3.7 Dodging
 * Level 1.1 Stealth
 * Level 3.4 Unarmed Combat


You had one spell level left.
You didn't know any spells.
Your spell library contained the following spells:

 Spells                   Type           Power      Damage    Failure   Level
 Alistair's Intoxication  Tmut/Pois      0%         N/A       100%        5
 Borgnjor's Vile Clutch   Necr/Erth      0%         N/A       100%        5
 Eringya's Noxious Bog    Tmut/Pois      0%         N/A       100%        6


Dungeon Overview and Level Annotations

Branches:
Dungeon (2/15)

Altars:


Innate Abilities, Weirdness & Mutations

You have sharp claws.
You have razor-sharp teeth.
You have supernaturally acute eyesight. (SInv)
You cover ground quickly. (Speed+)
You are covered in fur. (AC +1)
Your paws help you pounce on unaware monsters.
You are incapable of wielding weapons or throwing items.
You cannot wear armour.
You gain extra lives every three experience levels.


Message History

As you read the scroll of identify, it crumbles to dust.
f - a potion of might Done exploring.
Done exploring.
Done exploring.
(D) Dungeon
Where to? (? - help)
There is an open door here.
There is a stone staircase leading down here.
You climb downwards.
Found a stone staircase leading down.
There is a stone staircase leading up here.
There are monsters nearby!
Found a stone staircase leading down.
The helpless goblin fails to defend itself.
You claw the goblin!
You kill the goblin!
The kobold completely misses you.
There is a stone staircase leading down here.
You closely miss the kobold. Your claw misses the kobold.
The kobold hits you with a +0 club.
You barely miss the kobold. The kobold hits you with a +0 club.
You closely miss the kobold. The kobold hits you with a +0 club.
You scratch the kobold but do no damage.
Your claw misses the kobold. You bite the kobold.
The kobold is severely wounded.
You closely miss the kobold.
The kobold is severely wounded.
The kobold barely misses you.
You closely miss the kobold.
The kobold is severely wounded.
The kobold closely misses you.
You scratch the kobold but do no damage.
The kobold is severely wounded.
The kobold hits you with a +0 club.
* * * LOW HITPOINT WARNING * * *
You barely miss the kobold.
The kobold is severely wounded.
The kobold hits you with a +0 club.
You die...

#....##
#......##
#.......#######
#.#...........#
..............#
..............#
........).....#
......K@......#
.>............#
####.....<....#
############


You could see a kobold.

Vanquished Creatures
  5 endoplasms (D:1)
  3 giant cockroaches (D:1)
  5 goblins
  A hobgoblin (D:1)
  A ball python (D:1)
  3 bats (D:1)
  A frilled lizard (D:1)
  4 kobolds (D:1)
23 creatures vanquished.

Vanquished Creatures (others)
  A plant (D:1)
1 creature vanquished.

Grand Total: 24 creatures vanquished

Notes
Turn   | Place    | Note
-------+----------+-------------------------------------------
     0 | D:1      | Inarius the Felid Chaos Knight began the quest for the Orb.
     0 | D:1      | Reached XP level 1. HP: 10/10 MP: 2/2
   339 | D:1      | XOM: divination: magic mapping
   381 | D:1      | XOM: potion effect (brilliance)
   385 | D:1      | XOM: cast spell 'Leda's Liquefaction'
   612 | D:1      | Reached XP level 2. HP: 14/14 MP: 3/3
   698 | D:1      | XOM: divination: detect items
   718 | D:1      | Found a faded altar of an unknown god.
   805 | D:1      | XOM: silly message
  1192 | D:1      | Reached skill level 1 in Stealth
  1327 | D:1      | XOM: butterfly on damage
  1527 | D:2      | Slain by a kobold

Illustrated notes

Levels and vault maps discovered:
D:1:      lemuel_arrival_muddy, layout_basic,
          hellmonk_ecumenical_altar_slurped_away
D:2:      layout_rooms, kennysheep_jessica_study, uniq_terence

Skill      XL: |  1  2 |
---------------+-------+-----
Stealth        | 1 |  1.1
Fighting       | |  3.3
Dodging        | |  3.7
Unarmed Combat | |  3.4

Action                   || total
-------------------------++-------
Melee: Unarmed           ||    71
       Bite              ||     5
       Punch             ||     1
Evoke: Piece from Xom's  ||     2
  Use: Scroll            ||     3
 Stab: Sleeping          ||     2
Armor: Skin              ||     4
Dodge: Dodged            ||    50

Table legend: (Time is in decaauts)
 A = Elapsed time spent in this place.
 B = Non-inter-level travel time spent in this place.
 C = Inter-level travel time spent in this place.
 D = Time resting spent in this place.
 E = Time spent auto-exploring this place.
 F = Levels seen in this place.
 G = Mean time per level.
                   A        B        C        D        E       F      G
               +--------+--------+--------+--------+--------+-----+--------+
         Total |   1412 |   1388 |     24 |    744 |    427 |   2 |  706.0 |
       Dungeon |   1412 |   1388 |     24 |    744 |    427 |   2 |  706.0 |
               +--------+--------+--------+--------+--------+-----+--------+

Top non-repeatable levels by time:
     D:1: 1402 daAuts
     D:2: 10 daAuts
